 Dungeon Crawl Stone Soup version 0.17-a0-1718-g72dbe4d (webtiles) character file.

105 KambridgeKobold the Skirmisher (level 4, -3/37 HPs)
             Began as a Demonspawn Berserker on Aug 26, 2015.
             Was a Believer of Trog.
             Slain by a gnoll
             ... wielding a +0 flail
              (15 damage)
             ... on level 2 of the Dungeon.
             The game lasted 00:07:06 (2162 turns).

KambridgeKobold the Skirmisher (DsBe)               Turns: 2162, Time: 00:07:06

Health: -3/37      AC:  4    Str: 18    XL:     4   Next: 53%
Magic:  4/4        EV: 12    Int:  8    God:    Trog [**....]
Gold:   40         SH:  0    Dex: 13    Spells: 0 memorised, 3 levels left

rFire  . . .     SeeInvis .     b - +0 whip
rCold  . . .     Clarity  .     i - +0 animal skin
rNeg   . . .     SustAt   .     (no shield)
rPois  .         Gourm    .     (no helmet)
rElec  .         Spirit   .     (no cloak)
rCorr  .         Warding  .     (no gloves)
rMut   .         Stasis   .     (no boots)
MR     .....                    (no amulet)
Stlth  +.........               (no ring)
                                (no ring)

@: exhausted, slowed, very slow, not resistant to hostile enchantments, very
unstealthy
A: slimy green scales 1, powered by pain 1
a: Burn Spellbooks, Berserk, Trog's Hand, Renounce Religion


You were on level 2 of the Dungeon.
You worshipped Trog.
Trog was pleased with you.
You were very hungry.

You visited 1 branch of the dungeon, and saw 2 of its levels.

You collected 40 gold pieces.

Inventory:

Hand weapons
 a - a +0 hand axe
 b - a +0 whip (weapon)
 h - a cursed -1 dagger
Missiles
 s - 89 stones (quivered)
Armour
 i - a +0 animal skin (worn)
 j - a +0 ring mail
Jewellery
 k - an uncursed ring of wizardry
Scrolls
 e - a scroll of blinking {unknown}
 f - a scroll of magic mapping {unknown}
 l - 3 scrolls of teleportation {unknown}
 n - a scroll of remove curse {unknown}
 q - a scroll of random uselessness {unknown}
 u - a scroll of identify {unknown}
Potions
 g - a potion of curing {unknown}
 m - a potion of haste {unknown}
 p - a potion of ambrosia {unknown}
 r - a potion of degeneration {unknown}
Comestibles
 c - a bread ration
 d - 2 meat rations


   Skills:
 + Level 4.2 Fighting
 - Level 3.3(3.6) Axes
 + Level 1.9(2.9) Maces & Flails
 - Level 1.7 Armour
 - Level 1.7 Dodging


You had 3 spell levels left.
You didn't know any spells.

Dungeon Overview and Level Annotations

Branches:
Dungeon (2/15)

Altars:
Sif Muna
Trog


Innate Abilities, Weirdness & Mutations

You are partially covered in slimy green scales (AC +2).
You sometimes gain a little power by taking damage.


Message History

Throwing (i - inventory. (,) - cycle):
t - a throwing net (quivered)
Press: ? - help, Shift-Dir - straight line, f - worm
Aim: a worm You throw a throwing net.
The throwing net hits the worm.
The worm is caught in the net!
The gnoll barely misses you.
The worm struggles against the net.
The gnoll closely misses you.
The worm struggles against the net.
You hit the gnoll.
The gnoll is lightly wounded.
The gnoll closely misses you.
The worm struggles against the net.
You closely miss the gnoll.
The gnoll is lightly wounded.
The gnoll closely misses you.
The worm struggles against the net.
You hit the gnoll.
The gnoll is moderately wounded.
The gnoll barely misses you. The gnoll hits you with a flail!
You hit the gnoll but do no damage.
The gnoll is moderately wounded.
The worm struggles against the net.
The gnoll hits you with a flail!
You die...

#.# #.# #.........# ...
#.# #.........#
.#.#.#.#######......<..#
#.#.#.#.......#.........#
# #......####.####...####
###.##.####.# #...#
#.......#.# #...#
####..#.##.#.# #...#
.......@.#.#.# #...#
...##.#g.....####...####
........w#.)............
......##.#..............
...#####(#..............
......)..######.......##
...##.##.# #.......# #
#.# #.......# ##### ..#
#.......#


You could see a worm (caught) and a gnoll.

Vanquished Creatures
  Natasha (D:2)
  3 gnolls (D:2)
  An ooze (D:1)
  A giant gecko (D:2)
  4 bats
  5 giant cockroaches
  7 goblins
  7 hobgoblins
  7 kobolds
  A quokka (D:2)
  A ball python (D:1)
  A giant newt (D:2)
  6 rats
45 creatures vanquished.

Notes
Turn   | Place    | Note
--------------------------------------------------------------
     0 | D:1      | KambridgeKobold the Demonspawn Berserker began the quest for the Orb.
     0 | D:1      | Reached XP level 1. HP: 18/18 MP: 1/1
   531 | D:1      | Gained mutation: You sometimes gain a little power by taking damage. [demonic ancestry]
   531 | D:1      | Reached XP level 2. HP: 24/24 MP: 2/2
   744 | D:1      | Acquired Trog's second power
  1244 | D:2      | Gained mutation: You are partially covered in slimy green scales (AC +2). [demonic ancestry]
  1244 | D:2      | Reached XP level 3. HP: 14/29 MP: 3/3
  1786 | D:2      | Found a bloodstained altar of Trog.
  1802 | D:2      | Reached skill level 1 in Maces & Flails
  2057 | D:2      | Found a deep blue altar of Sif Muna.
  2121 | D:2      | Noticed Natasha
  2133 | D:2      | Killed Natasha
  2133 | D:2      | Reached skill level 4 in Fighting
  2133 | D:2      | Reached XP level 4. HP: 37/37 MP: 4/4
  2162 | D:2      | Slain by a gnoll

Vault maps used:
D:1:      roderic_chinese_lattice_arrival
D:2:      lemuel_blue_sif_altar, first_bread, trog_hazing_becter, uniq_sigmund,
          uniq_natasha

Action                   |  1- 3 |  4- 6 || total
-------------------------+-------+-------++-------
Melee: Hand axe          |    21 |       ||    21
       Whip              |   131 |    19 ||   150
Throw: Throwing net      |       |     1 ||     1
Invok: Berserk           |     2 |       ||     2
       Trog's Hand       |     2 |       ||     2
 Stab: Sleeping          |     1 |       ||     1
  Eat: Chunk             |     5 |       ||     5
